 Dungeon Crawl Stone Soup version 0.19.1 (webtiles) character file.

137 Dfrag the Conjurer (level 5, -4/42 HPs)
             Began as a Naga Conjurer on Dec 2, 2016.
             Slain by Grinder (8 damage)
             ... on level 3 of the Dungeon.
             The game lasted 00:03:23 (1424 turns).

Dfrag the Conjurer (Naga Conjurer)                  Turns: 1424, Time: 00:03:24

Health: -4/42      AC:  4    Str: 10    XL:     5   Next: 20%
Magic:  11/11      EV: 10    Int: 17    God:
Gold:   88         SH:  0    Dex: 11    Spells: 2 memorised, 9 levels left

rFire  . . .     SeeInvis +     t - +0 quarterstaff (protect)
rCold  . . .     Gourm    .     a - +0 robe
rNeg   . . .     Faith    .     (shield currently unavailable)
rPois  +         Spirit   .     n - +0 helmet
rElec  .         Reflect  .     i - +0 cloak
rCorr  .         Harm     .     (no gloves)
MR     .....                    (no barding)
Stlth  +.........               (no amulet)
                                (no ring)
                                f - ring of flight

@: confused, very slightly contaminated, hasted, quick
A: see invisible, deformed body, poison resistance, slowness 2, slow metabolism
1, spit poison 1, AC +1
a: Spit Poison, Evoke Flight


You were on level 3 of the Dungeon.
You were hungry.

You visited 1 branch of the dungeon, and saw 3 of its levels.

You collected 88 gold pieces.

Inventory:

Hand Weapons
 t - a +0 quarterstaff of protection (weapon)
Armour
 a - a +0 robe (worn)
 i - a +0 cloak (worn)
 n - a +0 helmet (worn)
Jewellery
 f - a ring of flight (left hand)
Scrolls
 d - 2 scrolls of amnesia {unknown}
 g - 2 scrolls of random uselessness {unknown}
 j - a scroll of identify {unknown}
 l - a scroll of enchant weapon {unknown}
 o - a scroll of teleportation {unknown}
 q - 2 scrolls of remove curse {unknown}
 u - a scroll of magic mapping {unknown}
Potions
 h - 3 potions of haste
 m - a potion of heal wounds {unknown}
 p - a potion of magic {unknown}
 r - a potion of lignification {unknown}
 s - 2 potions of agility {unknown}
Books
 b - a book of Conjurations

   Spells                             Type                      Level
   a - Magic Dart                     Conjuration                  1
   b - Searing Ray                    Conjuration                  2
   c - Dazzling Spray                 Conjuration/Hexes            3
   d - Fulminant Prism                Conjuration/Hexes            4
   e - Iskenderun's Mystic Blast      Conjuration                  4
   f - Iskenderun's Battlesphere      Conjuration/Charms           5
Comestibles
 c - 2 bread rations


   Skills:
 - Level 1.5 Dodging
 - Level 3.0 Stealth
 * Level 4.0 Spellcasting
 + Level 4.9 Conjurations


You had 9 spell levels left.
You knew the following spells:

 Your Spells              Type           Power        Failure   Level  Hunger
a - Magic Dart            Conj           ###.         2%          1    None
b - Searing Ray           Conj           ###...       3%          2    ##.....


Dungeon Overview and Level Annotations

Branches:
Dungeon (3/15)

Altars:
Elyvilon

Annotations:
D:3 Grinder


Innate Abilities, Weirdness & Mutations

You cannot wear boots.
Your serpentine skin is tough. (AC +1)
You have supernaturally acute eyesight. (SInv)
Armour fits poorly on your strangely shaped body.
Your system is resistant to poisons. (rPois)
You cover ground very slowly.
You have a slow metabolism.
You can spit poison.


Message History

The adder is moderately wounded.
You feel less invigorated.
You feel less confused. The adder bites you but does no damage.
Grinder barely misses you. Grinder gestures at you.
You suddenly lose the ability to move!
Found 2 scrolls labeled WIXIWUTILEXT.
The adder bites you but does no damage. Grinder hits you.
The adder bites you but does no damage. The adder bites you.
* * * LOW HITPOINT WARNING * * *
Grinder hits you!
* * * LOW HITPOINT WARNING * * *
You writhe in agony.
* * * LOW HITPOINT WARNING * * *
You can move again.
Unknown command.
Unknown command.
You are confused.
You feel invigorated. The adder closely misses you. Grinder hits you!
You die...

########### ### #
..........#####..
.
####....>........
.#
####.####.#####.#
#$## .....# #.#
#.##...## ######
#.# #.#.?...#. #.#
#5@......? ###.###
#S#.....#. #.....#
#.##...##
##....$###.# ..##
#....5.<...# ##
#......##..†......
#......##.###.####
#.##.####.# .# #.
#.# #.# .#


You could see Grinder and an adder.

Vanquished Creatures
  Natasha (thrice) (D:2)
  2 oozes (D:1)
  A worm (D:3)
  3 dart slugs
  A giant cockroach (D:1)
  3 goblins
  8 hobgoblins
  7 jackals (D:1)
  7 kobolds
  A quokka (D:1)
  3 bats
  2 frilled lizards
  5 rats
46 creatures vanquished.

Notes
Turn   | Place    | Note
-------+----------+-------------------------------------------
     0 | D:1      | Dfrag the Naga Conjurer began the quest for the Orb.
     0 | D:1      | Reached XP level 1. HP: 15/15 MP: 3/3
    86 | D:1      | Reached XP level 2. HP: 21/22 MP: 3/5
   107 | D:1      | Learned a level 2 spell: Searing Ray
   258 | D:1      | Reached XP level 3. HP: 4/28 MP: 1/7
   584 | D:2      | Noticed Natasha
   590 | D:2      | Killed Natasha
   590 | D:2      | Reached XP level 4. HP: 26/36 MP: 2/8
   684 | D:2      | Noticed Natasha
   688 | D:2      | Killed Natasha
   880 | D:2      | Noticed Natasha
   890 | D:2      | Killed Natasha
   890 | D:2      | Reached XP level 5. HP: 36/42 MP: 4/10
  1282 | D:3      | Found a white marble altar of Elyvilon.
  1380 | D:3      | Noticed Grinder
  1397 | D:3      | Paralysed by Grinder for 5 turns
  1406 | D:3      | HP: 2/42 [adder (2)]
  1416 | D:3      | HP: 2/42 [Grinder/nerve-wracking pain (11)]
  1421 | D:3      | Paralysed by Grinder for 3 turns
  1423 | D:3      | HP: 1/42 [Grinder (4)]
  1424 | D:3      | Slain by Grinder

Skill      XL: |  1  2  3  4  5 |
---------------+----------------+-----
Spellcasting   | 3 4 |  4.0
Dodging        | |  1.5
Stealth        | |  3.0
Conjurations   | |  4.9

Action                   |  1- 3 |  4- 6 || total
-------------------------+-------+-------++-------
Melee: Unarmed           |    18 |     9 ||    27
       Quarterstaff      |       |    25 ||    25
 Cast: Magic Dart        |    27 |    13 ||    40
       Searing Ray       |     1 |     5 ||     6
 Abil: Spit Poison       |    23 |    13 ||    36
  Use: Potion            |       |     6 ||     6
  Eat: Chunk             |       |     3 ||     3
Armor: Robe              |     4 |    25 ||    29
Dodge: Dodged            |    25 |    37 ||    62
